 Dungeon Crawl Stone Soup version 0.31-a0-83-gbff143cfd1 (webtiles) character file.

Game seed: 6970934404971731866

147 porpoise the Shooter (level 5, -2/42 HPs)
             Began as a Barachi Hunter on May 25, 2023.
             Slain by an orc
             ... wielding a +0 club
              (4 damage)
             ... on level 4 of the Dungeon.
             The game lasted 00:05:48 (1769 turns).

porpoise the Shooter (Barachi Hunter)               Turns: 1769, Time: 00:05:49

Health: -2/42      AC:  3    Str: 12    XL:     5   Next: 29%
Magic:  5/5        EV: 12    Int:  9    God:
Gold:   200        SH:  0    Dex: 18    Spells: 4/4 levels left

rFire   . . .        a - +0 shortbow
rCold   . . .        (shield currently unavailable)
rNeg    . . .        c - +0 leather armour
rPois   .            (no helmet)
rElec   .            (no cloak)
rCorr   .            (no gloves)
SInv    .            (no boots)
Will    .....        (no amulet)
Stlth   ++           (no ring)
HPRegen 0.27/turn    (no ring)
MPRegen 0.09/turn

%: no passive effects
@: slow
A: amphibious, slowness 1, strong legs 1, +LOS
a: Hop


You were on level 4 of the Dungeon.
You visited 1 branch of the dungeon, and saw 4 of its levels.

You collected 200 gold pieces.

Inventory:

Hand Weapons
 a - a +0 shortbow (weapon)
 b - a +2 whip of freezing
Missiles
 q - 7 poisoned darts
Armour
 c - a +0 leather armour (worn)
 l - a +0 buckler
Wands
 r - a wand of paralysis (7)
 t - a wand of iceblast (9)
Scrolls
 h - a scroll of vulnerability {unknown}
 j - a scroll of immolation
 m - a scroll of identify {unknown}
 o - a scroll of fear {unknown}
 p - 2 scrolls of magic mapping
 s - a scroll of summoning {unknown}
Potions
 d - a potion of heal wounds {unknown}
 f - a potion of might {unknown}
 i - a potion of mutation {unknown}
 k - a potion of berserk rage {unknown}
 n - a potion of degeneration {unknown}


   Skills:
 + Level 4.1 Fighting
 * Level 5.7 Ranged Weapons
 - Level 2.1 Dodging
 - Level 0.8 Stealth


You had 4 spell levels left.
You didn't know any spells.
Your spell library contained the following spells:

 Spells                   Type           Power      Damage    Failure   Level
 Blink                    Tloc           0%         N/A       61%         2
 Manifold Assault         Tloc           0%         N/A       99%         4
 Storm Form               Tmut/Air       0%         N/A       100%        7


Dungeon Overview and Level Annotations

Branches:
Dungeon (4/15)
 Temple: D:4-7

Altars:


Innate Abilities, Weirdness & Mutations

You are amphibious.
You cover ground slowly.
You can hop short distances.
You have an extended range of vision and can be seen from far away.


Message History

The orc priest is severely wounded.
The orc priest closely misses you. The orc hits you with a +0 club.
You shoot an arrow. The arrow hits the orc priest.
The orc priest is almost dead.
Something hits you.
* * * LOW HITPOINT WARNING * * *
The orc priest closely misses you. The orc hits you with a +0 club.
* * * LOW HITPOINT WARNING * * *
You shoot an arrow. The arrow hits the orc priest.
You kill the orc priest!
You hear some strange, mumbled words.
Something tries to affect you, but you resist.
The orc hits you with a +0 club.
* * * LOW HITPOINT WARNING * * *
You shoot an arrow. The arrow hits the orc.
The orc is heavily wounded.
Your surroundings seem slightly different.
You shoot an arrow. The arrow hits the orc.
The orc is moderately wounded.
You shoot an arrow.
The arrow hits the orc but does no damage.
The orc is moderately wounded.
The orc completely misses you.
You hear some strange, mumbled words.
A magic dart appears from out of thin air!
The magic dart hits you.
* * * LOW HITPOINT WARNING * * *
Unknown command.
Okay, then.
Okay, then.
The air fills with toxic fumes!
As you read the scroll labelled CEID KECALA, it crumbles to dust.
It was a scroll of poison.
Something hits you.
* * * LOW HITPOINT WARNING * * *
The orc barely misses you. The orc hits you with a +0 club.
* * * LOW HITPOINT WARNING * * *
You shoot an arrow. Something hits you.
* * * LOW HITPOINT WARNING * * *
The orc closely misses you. The orc hits you with a +0 club.
You die...

* *,,...§§§§§§§# * *,,...§§§§§§§#
* *,,...§§§§§§§#### #########
***,*...§§§§§§§§§§# #........
*,,,*...§§§§§§§§§§# #.#######
*****...§§§§§§§§§§#######.#......
,,,,,....§§§§§§§§§##....#.#.#####
,,***.#######§§§§§§#.##.#.#.#...#
,,,,,.......#§§{@§§#..†.......#.#
,,,,,...§§§§§§§oo§§§§§§§§......>#
**,,,...§§#§#§§§§§§#§#§§§.<......
,,,,,..,,,+,##§§§§§§§#.#####.##.#
,,*,,,,,,,*,*###§§§§§#.#*,...##.#
,,,,,,,,,,*,...§§§§§§#.##.#####.#
,,*********,.###§§§§§§.##,*** #.#
,,* **,* ###§§§#§.,,,,* #.# ,,*
******+****###§#§#*,,,* #.#


You could see 2 orcs.

Vanquished Creatures
  An orc priest (D:4)
  5 adders
  A worm (D:3)
  2 dart slugs
  An orc (D:4)
  5 ball pythons
  6 endoplasms
  7 giant cockroaches
  6 goblins
  5 hobgoblins
  4 quokkas
  6 bats
  4 frilled lizards
  2 kobolds (D:3)
  9 rats
64 creatures vanquished.

Notes
Turn   | Place    | Note
-------+----------+-------------------------------------------
     0 | D:1      | porpoise the Barachi Hunter began the quest for the Orb.
     0 | D:1      | Reached XP level 1. HP: 17/17 MP: 1/1
    40 | D:1      | Reached XP level 2. HP: 23/23 MP: 2/2
   261 | D:1      | Reached XP level 3. HP: 29/29 MP: 3/3
   751 | D:2      | Reached skill level 5 in Ranged Weapons
   889 | D:3      | Reached XP level 4. HP: 7/35 MP: 4/4
  1740 | D:4      | Reached XP level 5. HP: 42/42 MP: 5/5
  1769 | D:4      | HP: 2/42 [something (2)]
  1769 | D:4      | Slain by an orc

Illustrated notes

Levels and vault maps discovered:
D:1:      minmay_arrival_stone_box, layout_rooms, minmay_misc_feat_alley,
          minmay_split_cup_small
D:2:      layout_rooms, minmay_misc_feat_plants
D:3:      layout_loops_cross
D:4:      layout_basic, mainiacjoe_overflow_paths

Skill      XL: |  1  2  3  4 |
---------------+-------------+-----
Fighting       | 3 4 |  4.1
Ranged Weapons | 5 |  5.7
Dodging        | |  2.1
Stealth        | |  0.8

Action                     |  1- 3 |  4- 6 || total
---------------------------+-------+-------++-------
   Fire: Shortbow          |   111 |    78 ||   189
    Use: Potion            |     2 |       ||     2
         Scroll            |       |     4 ||     4
 Armour: Leather armour    |     3 |     4 ||     7
  Dodge: Dodged            |    26 |    25 ||    51

Table legend: (Time is in decaauts)
 A = Elapsed time spent in this place.
 B = Non-inter-level travel time spent in this place.
 C = Inter-level travel time spent in this place.
 D = Time resting spent in this place.
 E = Time spent auto-exploring this place.
 F = Levels seen in this place.
 G = Mean time per level.
                   A        B        C        D        E       F      G
               +--------+--------+--------+--------+--------+-----+--------+
         Total |   2074 |   1961 |    113 |    126 |   1470 |   4 |  518.5 |
       Dungeon |   2074 |   1961 |    113 |    126 |   1470 |   4 |  518.5 |
               +--------+--------+--------+--------+--------+-----+--------+

Top non-repeatable levels by time:
     D:3: 842 daAuts
     D:2: 532 daAuts
     D:1: 503 daAuts
     D:4: 196 daAuts
